 Dungeon Crawl Stone Soup version 0.21-a0-82-gdb84782 (webtiles) character file.

131 Rrauwl the Grave Robber (level 4, 0/24 HPs)
             Began as a Deep Elf Necromancer on June 24, 2017.
             Slain by a hobgoblin
             ... wielding a +0 club
              (2 damage)
             ... on level 1 of the Dungeon.
             The game lasted 00:03:11 (1294 turns).

Rrauwl the Grave Robber (Deep Elf Necromancer)      Turns: 1294, Time: 00:03:11

Health: 0/24       AC:  2    Str:  6    XL:     4   Next: 91%
Magic:  1/12       EV: 13    Int: 20    God:
Gold:   49         SH:  5    Dex: 15    Spells: 10/11 levels left

rFire    . . .     SeeInvis .   (no weapon)
rCold    . . .     Gourm    .   d - +1 buckler
rNeg     . . .     Faith    .   a - +0 robe
rPois    .         Spirit   .   (no helmet)
rElec    .         Reflect  .   (no cloak)
rCorr    .         Harm     .   (no gloves)
MR       .....                  (no boots)
Stlth    ++........             (no amulet)
HPRegen  0.08/turn              (no ring)
MPRegen  0.13/turn              (no ring)

@: no status effects
A: no striking features
a: no special abilities


You were on level 1 of the Dungeon.
You were not hungry.

You visited 1 branch of the dungeon, and saw 1 of its levels.

You collected 49 gold pieces.

Inventory:

Armour
 a - a +0 robe (worn)
 d - a +1 buckler (worn)
Scrolls
 e - a scroll of teleportation {unknown}
Potions
 f - a potion of brilliance {unknown}
 g - a potion of curing {unknown}
Books
 b - a book of Necromancy

   Spells                             Type                      Level
   a - Pain                           Necromancy                   1
   b - Animate Skeleton               Necromancy                   1
   c - Vampiric Draining              Necromancy                   3
   d - Regeneration                   Charms/Necromancy            3
   e - Animate Dead                   Necromancy                   4
   f - Control Undead                 Necromancy                   4
Comestibles
 c - a bread ration
 h - 4 chunks of flesh


   Skills:
 + Level 0.8 Armour
 + Level 3.2 Dodging
 + Level 3.4 Stealth
 + Level 1.4 Shields
 + Level 4.2 Spellcasting
 + Level 5.3 Necromancy


You had 10 spell levels left.
You knew the following spells:

 Your Spells              Type           Power        Failure   Level  Hunger
a - Pain                  Necr           ####         1%          1    None


Dungeon Overview and Level Annotations

Branches:
Dungeon (1/15)

Altars:


Message History

The ogre writhes in agony!
The ogre misses you.
Casting: Pain
Confirm with . or Enter, or press ? or * to list all spells.
Aiming: Pain
Press: ? - help, Shift-Dir - straight line, f/p - ogre
Aim: an ogre, wielding a giant spiked club (severely wounded, chance to defeat MR: 83%)
The ogre writhes in agony!
You kill the ogre!
Your Dodging skill increases to level 3!
Your Stealth skill increases to level 3!
Your Spellcasting skill increases to level 4!
You have reached level 4!
You feel clever.
Casting: Pain
Confirm with . or Enter, or press ? or * to list all spells.
Aiming: Pain
Press: ? - help, Shift-Dir - straight line, f - hobgoblin
Aim: a hobgoblin, wielding a club (chance to defeat MR: 93%)
The hobgoblin writhes in agony!
The hobgoblin hits you with a club.
You die...

.[..##.......###
...............# ...#
###.##.......#.# ...#
..........##...# .%.###
.........###.### .....#
###.####.# #.# .....# #
#.####.# #.# .....#
###.#....###.###########..[..##
....'...........@g..........>..
###.#...#.##.##.####.........##
###.#...#.##.##.# #.........#
....#...#.....#.# #.........#
....######....#.# #.........#
.............(..# #.†....####
...########...#.# #.(....#
.........##...#.# #......#
)....###.##...#.# #......#


You could see a hobgoblin.

Vanquished Creatures
  An ogre (D:1)
  A gnoll (D:1)
  An ooze (D:1)
  2 dart slugs (D:1)
  3 leopard geckos (D:1)
  A giant cockroach (D:1)
  3 goblins (D:1)
  3 hobgoblins (D:1)
  3 kobolds (D:1)
  4 bats (D:1)
  A frilled lizard (D:1)
  3 rats (D:1)
26 creatures vanquished.

Vanquished Creatures (others)
  A fungus (D:1)
1 creature vanquished.

Grand Total: 27 creatures vanquished

Notes
Turn   | Place    | Note
-------+----------+-------------------------------------------
     0 | D:1      | Rrauwl the Deep Elf Necromancer began the quest for the Orb.
     0 | D:1      | Reached XP level 1. HP: 10/10 MP: 6/6
   284 | D:1      | Reached XP level 2. HP: 14/15 MP: 4/8
   330 | D:1      | Reached skill level 5 in Necromancy
   554 | D:1      | Reached skill level 1 in Shields
   672 | D:1      | Reached XP level 3. HP: 14/19 MP: 5/10
  1277 | D:1      | Noticed an ogre
  1293 | D:1      | Killed an ogre
  1293 | D:1      | Reached XP level 4. HP: 3/24 MP: 2/12
  1294 | D:1      | Slain by a hobgoblin

Vault maps used:
D:1:      minmay_arrival_arboretum_small

Skill      XL: |  1  2  3 |
---------------+----------+-----
Necromancy     | 5 |  5.3
Shields        | 1 |  1.4
Dodging        | 3 |  3.2
Stealth        | 3 |  3.4
Spellcasting   | 4 |  4.2
Armour         | |  0.8

Action                   |  1- 3 |  4- 6 || total
-------------------------+-------+-------++-------
 Cast: Pain              |    49 |     2 ||    51
  Use: Scroll            |     1 |       ||     1
  Eat: Chunk             |     1 |       ||     1
Dodge: Dodged            |     4 |       ||     4
Block: Buckler           |     2 |       ||     2
